 Dungeon Crawl Stone Soup version 0.23-a0-141-g456867d (webtiles) character file.

105 galech the Chopper (level 4, -1/35 HPs)
             Began as a Demonspawn Monk on Aug 31, 2018.
             Slain by Sigmund
             ... wielding a +0 scythe
              (5 damage)
             ... on level 2 of the Dungeon.
             The game lasted 00:03:17 (2112 turns).

galech the Chopper (Demonspawn Monk)                Turns: 2112, Time: 00:03:18

Health: -1/35      AC:  8    Str: 11    XL:     4   Next: 53%
Magic:  4/4        EV:  6    Int: 11    God:
Gold:   78         SH:  6    Dex: 17    Spells: 3/3 levels left

rFire    + . .     SeeInvis .   a - +0 hand axe
rCold    . . .     Gourm    .   (no shield)
rNeg     . . .     Faith    .   j - +0 chain mail
rPois    .         Spirit   .   (no helmet)
rElec    .         Reflect  .   (no cloak)
rCorr    .         Harm     .   (no gloves)
MR       .....                  (no boots)
Stlth    ..........             (no amulet)
HPRegen  0.11/turn              i - ring of protection from fire
MPRegen  0.09/turn              (no ring)

@: no status effects
A: large bone plates 2
a: no special abilities


You were on level 2 of the Dungeon.
You were not hungry.

You visited 1 branch of the dungeon, and saw 2 of its levels.

You collected 78 gold pieces.

Inventory:

Hand Weapons
 a - a +0 hand axe (weapon)
Armour
 f - a cursed +0 robe
 j - a +0 chain mail (worn)
Jewellery
 i - a ring of protection from fire (left hand)
 m - an uncursed ring of poison resistance {unknown}
Scrolls
 d - a scroll of noise {unknown}
 e - a scroll of amnesia {unknown}
 g - a scroll of enchant armour {unknown}
 k - a scroll of enchant weapon {unknown}
 l - a scroll of identify {unknown}
 n - a scroll of magic mapping {unknown}
Potions
 b - a potion of mutation {unknown}


   Skills:
 + Level 3.4 Fighting
 + Level 3.9 Axes
 + Level 0.4 Armour
 + Level 3.2 Dodging
 + Level 2.1 Stealth


You had 3 spell levels left.
You didn't know any spells.
Your spell library was empty.

Dungeon Overview and Level Annotations

Branches:
Dungeon (2/15)

Altars:

Annotations:
D:2 Sigmund


Innate Abilities, Weirdness & Mutations

You are mostly covered in large bone plates. (SH +6)


Message History

You hit Sigmund but do no damage.
Sigmund is lightly wounded.
Sigmund hits you but does no damage.
You hit Sigmund.
Sigmund is lightly wounded.
You barely miss Sigmund.
Sigmund is lightly wounded.
Sigmund barely misses you.
Your chain mail prevents you from hitting Sigmund.
Sigmund is lightly wounded.
Sigmund gestures at you while chanting. The puff of flame hits you! You resist.
* * * LOW HITPOINT WARNING * * *
You hit Sigmund.
Sigmund is moderately wounded.
You block Sigmund's attack.
You barely miss Sigmund.
Sigmund is moderately wounded.
Sigmund hits you with a scythe.
You die...

### #########
###.####.......#
#...........##.#
#.#@##.#.##.##.#
#@##.#.#######
.r##.#.# ##
.####.#.####8.
#.####.#...##..
#..........#>..
#.###......##(
#......##8
#....[.#


You could see Sigmund and a rat.

Vanquished Creatures
  Natasha (D:2)
  3 adders (D:2)
  4 dart slugs
  A leopard gecko (D:1)
  8 bats
  A giant cockroach (D:1)
  10 hobgoblins
  2 jackals (D:1)
  6 kobolds
  A ball python (D:1)
  A frilled lizard (D:1)
  2 goblins
  4 rats (D:1)
44 creatures vanquished.

Notes
Turn   | Place    | Note
-------+----------+-------------------------------------------
     0 | D:1      | galech the Demonspawn Monk began the quest for the Orb.
     0 | D:1      | Reached XP level 1. HP: 18/18 MP: 1/1
   194 | D:1      | Gained mutation: You are partially covered in large bone
                  | plates. (SH +4) [demonic ancestry]
   194 | D:1      | Reached XP level 2. HP: 22/24 MP: 2/2
   895 | D:1      | Gained mutation: You are mostly covered in large bone
                  | plates. (SH +6) [demonic ancestry]
   895 | D:1      | Reached XP level 3. HP: 25/29 MP: 3/3
  1440 | D:2      | Noticed Natasha
  1787 | D:2      | Killed Natasha
  1787 | D:2      | Reached XP level 4. HP: 15/35 MP: 4/4
  2102 | D:2      | Noticed Sigmund
  2112 | D:2      | Slain by Sigmund

Vault maps used:
D:1:      scummos_arrival_gate, corexii_corridor_pit
D:2:      nicolae_overflow_hidden_temple, uniq_natasha, uniq_sigmund

Skill      XL: |  1  2 |
---------------+-------+-----
Axes           | 3 |  3.9
Stealth        | 2 |  2.1
Dodging        | 3 |  3.2
Fighting       | |  3.4
Armour         | |  0.4

Action                   |  1- 3 |  4- 6 || total
-------------------------+-------+-------++-------
Melee: Hand axe          |   136 |    32 ||   168
  Use: Scroll            |     1 |       ||     1
       Potion            |     3 |       ||     3
 Stab: Sleeping          |     1 |       ||     1
  Eat: Chunk             |     2 |       ||     2
       Ration            |       |     1 ||     1
Armor: Robe              |    11 |       ||    11
       Chain mail        |    42 |    18 ||    60
Dodge: Dodged            |    61 |    10 ||    71
Block: Other             |    26 |     7 ||    33

Table legend:
 A = Non-vault XP
 B = Vault XP
 C = Vault XP percentage of total XP
 D = Non-vault monster count
 E = Vault monster count
 F = Vault count percentage of total count
                 A         B        C        D         E       F
            +---------+---------+-------+---------+---------+-------
      Total |     115 |      35 |  23.3 |      43 |       1 |   2.3
            +---------+---------+-------+---------+---------+-------
        D:1 |      57 |       0 |   0.0 |      31 |       0 |   0.0
        D:2 |      58 |      35 |  37.6 |      12 |       1 |   7.7
            +---------+---------+-------+---------+---------+-------
